 Dungeon Crawl Stone Soup version 0.29-a0-648-g6b26cc9f40 (webtiles) character file.

Game seed: 7823923138549833919

102 zeratav the Sneak (level 4, 0/21 HPs)
             Began as a Spriggan Arcane Marksman on June 20, 2022.
             Slain by Crazy Yiuf
             ... wielding a +2 quarterstaff of chaos
              (13 damage)
             ... on level 2 of the Dungeon.
             The game lasted 00:04:38 (2046 turns).

zeratav the Sneak (Spriggan Arcane Marksman)        Turns: 2046, Time: 00:04:39

Health: 0/21       AC:  2    Str: 10    XL:     4   Next: 50%
Magic:  2/7        EV: 17    Int: 14    God:
Gold:   125        SH:  0    Dex: 17    Spells: 4/5 levels left

rFire   . . .      SeeInvis +   m - +11 dagger "Mydghoziros" {elec, Str+4 SInv, short}
rCold   . . .      Faith    .   (no shield)
rNeg    . . .      Spirit   .   b - +0 robe
rPois   .          Reflect  .   (helmet restricted)
rElec   .          Harm     .   (no cloak)
rCorr   .          Rampage  .   (gloves unavailable)
Will    .....                   (boots unavailable)
Stlth   +++.......              (no amulet)
HPRegen 0.07/turn               i - ring of wizardry
MPRegen 0.10/turn               (no ring)

@: very quick
A: very small, no large weapons, unfitting armour, see invisible, speed 3
a: no special abilities


You were on level 2 of the Dungeon.
You visited 1 branch of the dungeon, and saw 2 of its levels.

You collected 125 gold pieces.


Innate Abilities, Weirdness & Mutations

You are very small and have problems with some larger weapons.
You are too small for most types of armour.
You have supernaturally acute eyesight. (SInv)
You cover ground extremely quickly. (Speed+++)


   Skills:
 - Level 0.7 Fighting
 + Level 4.2 Bows
 - Level 2.6 Dodging
 - Level 5.0 Stealth
 - Level 1.3 Spellcasting
 - Level 3.6 Hexes


You had 4 spell levels left.
You knew the following spells:

 Your Spells              Type           Power      Damage    Failure   Level
a - Slow                  Hex            44%        N/A       2%          1

Your spell library contained the following spells:

 Spells                   Type           Power      Damage    Failure   Level
 Inner Flame              Hex/Fire       6%         N/A       16%         3
 Portal Projectile        Hex/Tloc       12%        N/A       16%         3
 Cause Fear               Hex            5%         N/A       22%         4

Inventory:

Hand Weapons
 a - a +0 shortbow {bow}
 m - the +11 dagger "Mydghoziros" (weapon) {elec, Str+4 SInv, short}
   (You found it on level 2 of the Dungeon)

   It occasionally discharges a powerful burst of electricity upon striking a
   foe.
   Str:       It affects your strength (+4).
   SInv:      It lets you see invisible.
Armour
 b - a +0 robe (worn)
Jewellery
 i - a ring of wizardry (left hand)
   (You found it on level 1 of the Dungeon)
 j - an amulet of the acrobat
   (You found it on level 1 of the Dungeon)
 n - an amulet of magic regeneration {@e2}
   (You took it off a hobgoblin on level 2 of the Dungeon)
Scrolls
 c - a scroll of vulnerability {!r!r}
 e - 2 scrolls of identify {unknown}
 g - 2 scrolls of silence {unknown}
 o - a scroll of teleportation {unknown}
Potions
 d - a potion of flight {unknown}
 f - 2 potions of degeneration {unknown}
 h - a potion of invisibility {unknown}
 k - a potion of haste {unknown}
 l - a potion of curing {unknown}

Dungeon Overview and Level Annotations

Branches:
Dungeon (2/15) Zot: 10464

Altars:
Trog

Annotations:
D:2 Crazy Yiuf

#....# ####..#
##)#
#########.
#....###.....#
#.## #.
#....#.......#
##g# #.
#............#
#.## ##
#....#######.#
##.## #....#
#.# #.P.##
#....# #.#
#...P# ######
#.# #g...#
#.###@...#
#.†......#
#####...##
#####


You could see Crazy Yiuf (resistant).


Message History

o - a scroll labelled AZEPNE RELOGEU You see here a rat corpse.
An endoplasm comes into view.
You shoot an arrow. The arrow hits the endoplasm.
You kill the endoplasm!
No target in view!
No target in view!
No target in view!
A giant cockroach comes into view.
You shoot an arrow.
The arrow hits the giant cockroach but does no damage.
No target in view!
No target in view!
You shoot an arrow.
The arrow hits the giant cockroach but does no damage.
You shoot an arrow. The arrow hits the giant cockroach.
The giant cockroach closely misses you. x2
You shoot an arrow.
The arrow barely misses the giant cockroach.
The giant cockroach closely misses you. The giant cockroach barely misses you.
You shoot an arrow. The arrow hits the giant cockroach.
You kill the giant cockroach!
No target in view!
A worm comes into view.
You shoot an arrow. The arrow hits the worm!
The worm misses you.
You shoot an arrow. The arrow hits the worm!
You shoot an arrow. The arrow hits the worm.
You kill the worm!
No target in view!
You see here a worm corpse.
You see here a +0 mace {mace}.
You see here a +0 mace {mace}.
Unknown command.
You open the door.
Crazy Yiuf shouts!
Crazy Yiuf screams, "Seed testudinal childish!"
Crazy Yiuf drinks a potion.
Crazy Yiuf suddenly seems more resistant.
Casting: Slow (safe; 2% risk of failure)
Confirm with . or Enter, or press ? or * to list all spells.
Aiming: Slow (safe; 2% risk of failure)
Press: ? - help, Shift-Dir - straight line, f - Crazy Yiuf
Aim: Crazy Yiuf, wielding a +2 quarterstaff of chaos and wearing a +0 cloak (unusually resistant, chance to affect: 58%) Crazy Yiuf resists with significant effort.
MP[-1]
You lost 1 mp, and now have 6/7 mp.
Casting: Slow (safe; 2% risk of failure)
Confirm with . or Enter, or press ? or * to list all spells.
Aiming: Slow (safe; 2% risk of failure)
Press: ? - help, Shift-Dir - straight line, f/p - Crazy Yiuf
Aim: Crazy Yiuf, wielding a +2 quarterstaff of chaos and wearing a +0 cloak (unusually resistant, chance to affect: 58%) Crazy Yiuf resists with significant effort.
MP[-1]
You lost 1 mp, and now have 5/7 mp.
Casting: Slow (safe; 2% risk of failure)
Confirm with . or Enter, or press ? or * to list all spells.
Aiming: Slow (safe; 2% risk of failure)
Press: ? - help, Shift-Dir - straight line, f/p - Crazy Yiuf
Aim: Crazy Yiuf, wielding a +2 quarterstaff of chaos and wearing a +0 cloak (unusually resistant, chance to affect: 58%) Crazy Yiuf seems to slow down.
Crazy Yiuf laughs, "Gnoll!"
MP[-1]
You lost 1 mp, and now have 4/7 mp.
You see here a +0 mace {mace}.
You shoot an arrow. The arrow hits Crazy Yiuf.
You shoot an arrow. The arrow barely misses Crazy Yiuf.
Really attack while wielding your +0 shortbow {bow}? [Y]es or [N]o only, please.
Really attack while wielding your +0 shortbow {bow}? [Y]es or [N]o only, please.
Really attack while wielding your +0 shortbow {bow}?
Okay, then.
Really attack while wielding your +0 shortbow {bow}? [Y]es or [N]o only, please.
Really attack while wielding your +0 shortbow {bow}? [Y]es or [N]o only, please.
Really attack while wielding your +0 shortbow {bow}?
Okay, then.
MP[+1]
You shoot an arrow. The arrow hits Crazy Yiuf.
You shoot an arrow. The arrow barely misses Crazy Yiuf.
You shoot an arrow.
The arrow hits Crazy Yiuf but does no damage.
Crazy Yiuf says, "Key arga return to song!"
You feel stronger.
You hear the crackle of electricity.
m - the +11 dagger "Mydghoziros" (weapon)
{elec, Str+4 SInv, short} You puncture Crazy Yiuf!
Crazy Yiuf hits you with a +2 quarterstaff of chaos!
You feel your power leaking away.
HP[-8] MP[-3]
You take 8 damage, and now have 13/21 hp.
MASSIVE DAMAGE!! (PAUSE)
You lost 3 mp, and now have 2/7 mp.
You closely miss Crazy Yiuf.
Unknown command.
You barely miss Crazy Yiuf.
Crazy Yiuf is no longer moving slowly.
Crazy Yiuf hits you with a +2 quarterstaff of chaos!
Ouch! That really hurt!
You die...

Skill      XL: |  1  2  3  4 |
---------------+-------------+-----
Stealth        | 2 4 5 |  5.0
Bows           | 3 4 |  4.2
Fighting       | |  0.7
Dodging        | |  2.6
Spellcasting   | |  1.3
Hexes          | |  3.6

Action                   |  1- 3 |  4- 6 || total
-------------------------+-------+-------++-------
Melee: Dagger            |     2 |     3 ||     5
 Fire: Shortbow          |    94 |    34 ||   128
 Cast: Slow              |     3 |     3 ||     6
Armor: Robe              |     7 |       ||     7
Dodge: Dodged            |    46 |     8 ||    54

Levels and vault maps discovered:
D:1:      elethiomel_arrival_shortcut, layout_basic,
          dreamdust_ecumenical_altar_drowned_temple
D:2:      minmay_diamond_boxcup, layout_rooms, basic_altar, roderic_lattice_a,
          dreamdust_princess_bridge, uniq_crazy_yiuf_cottage, uniq_terence

Notes
Turn   | Place    | Note
-------+----------+-------------------------------------------
     0 | D:1      | zeratav the Spriggan Arcane Marksman began the quest for
                  | the Orb.
     0 | D:1      | Reached XP level 1. HP: 9/9 MP: 3/3
     0 | D:1      | magus.rc [v1.9.6]
   117 | D:1      | Reached skill level 1 in Stealth
   234 | D:1      | Reached skill level 2 in Stealth
   250 | D:1      | Reached XP level 2. HP: 14/14 MP: 5/5
   276 | D:1      | Reached skill level 3 in Stealth
   633 | D:1      | Reached skill level 4 in Stealth
   730 | D:1      | Found a faded altar of an unknown god.
   903 | D:2      | Reached XP level 3. HP: 17/17 MP: 6/6
  1234 | D:2      | Identified the +11 dagger "Mydghoziros" {elec, Str+4 SInv}
  1280 | D:2      | Reached skill level 5 in Stealth
  1319 | D:2      | Reached skill level 3 in Bows
  1410 | D:2      | Noticed Terence
  1416 | D:2      | Killed Terence
  1417 | D:2      | Reached XP level 4. HP: 18/21 MP: 7/7
  1672 | D:2      | Reached skill level 4 in Bows
  1771 | D:2      | Found a bloodstained altar of Trog.
  2022 | D:2      | Found a runed translucent door.
  2023 | D:2      | Noticed Crazy Yiuf
  2046 | D:2      | Slain by Crazy Yiuf

Vanquished Creatures
  Terence (D:2)
  An adder (D:2)
  2 dart slugs
  2 worms (D:2)
  3 ball pythons (D:2)
  6 bats
  5 endoplasms
  2 giant cockroaches
  8 goblins
  6 hobgoblins
  3 jackals (D:2)
  5 kobolds
  2 quokkas (D:2)
  A frilled lizard (D:1)
  6 rats
  A spectral goblin (D:1)
54 creatures vanquished.

Table legend:
 A = Non-vault XP
 B = Vault XP
 C = Vault XP percentage of total XP
 D = Non-vault monster count
 E = Vault monster count
 F = Vault count percentage of total count
                 A         B        C        D         E       F
            +---------+---------+-------+---------+---------+-------
      Total |      82 |      65 |  44.2 |      42 |      12 |  22.2
            +---------+---------+-------+---------+---------+-------
        D:1 |      39 |       1 |   2.5 |      21 |       1 |   4.5
        D:2 |      43 |      64 |  59.8 |      21 |      11 |  34.4
            +---------+---------+-------+---------+---------+-------

Illustrated notes

Table legend:
 A = Kills in this place as a percentage of kills in entire the game.
 B = Kills by you in this place as a percentage of kills by you in the entire game.
 C = Kills by friends in this place as a percentage of kills by friends in the entire game.
 D = Other kills in this place as a percentage of other kills in the entire game.
 E = Experience gained in this place as a percentage of experience gained in the entire game.
 F = Experience gained in this place divided by the number of levels of this place that you have seen.
                   A       B       C       D       E      F
               +-------+-------+-------+-------+-------+----------------------
         Total | 100.0 | 100.0 |   N/A |   N/A | 100.0 |  73.5
       Dungeon | 100.0 | 100.0 |   N/A |   N/A | 100.0 |  73.5
               +-------+-------+-------+-------+-------+----------------------

Table legend: (Time is in decaauts)
 A = Elapsed time spent in this place.
 B = Non-inter-level travel time spent in this place.
 C = Inter-level travel time spent in this place.
 D = Time resting spent in this place.
 E = Time spent auto-exploring this place.
 F = Levels seen in this place.
 G = Mean time per level.
                   A        B        C        D        E       F      G
               +--------+--------+--------+--------+--------+-----+--------+
         Total |   1534 |   1530 |      4 |    262 |   1016 |   2 |  767.0 |
       Dungeon |   1534 |   1530 |      4 |    262 |   1016 |   2 |  767.0 |
               +--------+--------+--------+--------+--------+-----+--------+

Top non-repeatable levels by time:
     D:2: 903 daAuts
     D:1: 631 daAuts
